 Dungeon Crawl Stone Soup version 0.31-a0-986-g5e6e4ef867 (webtiles) character file.

Game seed: 12276058505477719143

77 croobank the Sneak (level 3, -2/31 HPs)
             Began as a Demigod Delver on Nov 6, 2023.
             Slain by a black bear (12 damage)
             ... on level 5 of the Dungeon.
             The game lasted 00:01:58 (182 turns).

croobank the Sneak (Demigod Delver)                  Turns: 182, Time: 00:01:59

Health: -2/31      AC:  3    Str: 13    XL:     3   Next: 92%
Magic:  5/5        EV: 12    Int: 12    God:
Gold:   31         SH:  0    Dex: 19    Spells: 2/2 levels left

rFire   . . .        a - +0 short sword
rCold   . . .        (no shield)
rNeg    . . .        b - +0 leather armour
rPois   .            (no helmet)
rElec   .            (no cloak)
rCorr   .            (no gloves)
SInv    .            (no boots)
Will    .....        (no amulet)
Stlth   +++          (no ring)
HPRegen 0.25/turn    (no ring)
MPRegen 0.09/turn

%: no passive effects
@: on berserk cooldown, slowed, very slow
A: high MP 1, forlorn, divine attributes
a: no special abilities


You were on level 5 of the Dungeon.
You visited 1 branch of the dungeon, and saw 3 of its levels.

You collected 31 gold pieces.

Inventory:

Hand Weapons
 a - a +0 short sword (weapon)
 i - a +0 lajatang
Armour
 b - a +0 leather armour (worn)
 j - a +0 ring mail
Wands
 g - a wand of digging (2)
Scrolls
 d - a scroll of revelation
Potions
 f - a potion of haste


   Skills:
 + Level 3.2 Fighting
 + Level 2.5 Short Blades
 + Level 2.5 Dodging
 + Level 5.0 Stealth


You had 2 spell levels left.
You didn't know any spells.
Your spell library was empty.

Dungeon Overview and Level Annotations

Branches:
Dungeon (6/15)
 Temple: D:4-7


Innate Abilities, Weirdness & Mutations

You have an increased reservoir of magic. (+10% MP)
You shall have no god before yourself.
Your divine heritage dramatically boosts your attributes as you level up.


Message History

You hit the phantom.
The phantom is heavily damaged.
The phantom hits you.
You barely miss the phantom.
The phantom is heavily damaged.
You puncture the phantom!
The phantom is almost destroyed.
The phantom hits you.
* * * LOW HITPOINT WARNING * * *
The phantom blinks!
You blink.
The phantom attacks as it pursues you! The phantom barely misses you.
You puncture the phantom!
You destroy the phantom!
Your Fighting skill increases to level 3!
Your Short Blades skill increases to level 2!
Your Dodging skill increases to level 2!
Your Stealth skill increases to level 5!
You have reached level 2!
You have reached level 3!
Your experience leads to a dramatic increase in your attributes!
Increase (S)trength, (I)ntelligence, or (D)exterity?
You feel agile. x4
You feel a strong urge to attack something.
There is a stone staircase leading up here.
You puncture the black bear!
The black bear is heavily wounded.
The black bear barely misses you.
The black bear claws you but does no damage.
The black bear closely misses you.
You barely miss the black bear.
The black bear is heavily wounded.
You puncture the black bear!
The black bear is severely wounded.
The black bear goes berserk!
You barely miss the black bear. You punch the black bear.
The black bear is almost dead.
You are no longer berserk.
You are exhausted.
You feel yourself slow down. The black bear bites you!
You die...

##### #...........#
.....#...........#
###.#.#h#+##.§§...#####
..........>#h..§§§##..
#.....<.......§§§§#.###
##.#.#.....###....#.#.. #
#.#...#......#.#.#
#.#...#.##...#.#.#
#.#.....#@h..#.#.# #
..##.#####.#.#.#.##.#####
..##.....................
...##.#####.#..##.########
... #.#.§...#..#...#
...##.#§#####......#
#...##.#.######.....#
#...##.#............#
#.#... #######.##...#


You could see a black bear (berserk).

Vanquished Creatures
  A phantom (D:5)
1 creature vanquished.

Notes
Turn   | Place    | Note
-------+----------+-------------------------------------------
     0 | D:5      | croobank the Demigod Delver began the quest for the Orb.
     0 | D:5      | Reached XP level 1. HP: 18/18 MP: 3/3
   117 | D:4      | Noticed a phantom
   133 | D:5      | Noticed a black bear
   134 | D:5      | Noticed a sleepcap
   139 | D:4      | Noticed an orc wizard
   139 | D:4      | Noticed an orc priest
   139 | D:4      | Noticed an orc priest
   176 | D:5      | Killed a phantom
   177 | D:5      | Reached skill level 5 in Stealth
   177 | D:5      | Reached XP level 2. HP: 12/26 MP: 4/4
   177 | D:5      | Reached XP level 3. HP: 15/31 MP: 5/5
   182 | D:5      | Slain by a black bear

Illustrated notes

Levels and vault maps discovered:
D:4:      lemuel_castle_with_subvaults [lemuel_castle_interior_carwin_1],
          layout_loops_ring, nicolae_overflow_hidden_temple,
          minmay_misc_feat_rugged, uniq_sigmund
D:5:      layout_basic, minmay_temple_entry_sparse_star
D:6:      layout_loops_ring, makhleb_altar_promises_db,
          ebering_ghost_disaster_area, nicolae_shop_clearance

Skill      XL: |  1 |
---------------+----+-----
Fighting       | 3 |  3.2
Short Blades   | 2 |  2.5
Dodging        | 2 |  2.5
Stealth        | 5 |  5.0

Action                     || total
---------------------------++-------
  Melee: Short sword       ||    15
         Punch             ||     1
  Evoke: Wand              ||     1
    Use: Scroll            ||     3
         Potion            ||     2
 Armour: Leather armour    ||    15
  Dodge: Dodged            ||    12

Table legend: (Time is in decaauts)
 A = Elapsed time spent in this place.
 B = Non-inter-level travel time spent in this place.
 C = Inter-level travel time spent in this place.
 D = Time resting spent in this place.
 E = Time spent auto-exploring this place.
 F = Levels seen in this place.
 G = Mean time per level.
                   A        B        C        D        E       F      G
               +--------+--------+--------+--------+--------+-----+--------+
         Total |    178 |    147 |     31 |      0 |     46 |   3 |   59.3 |
       Dungeon |    178 |    147 |     31 |      0 |     46 |   3 |   59.3 |
               +--------+--------+--------+--------+--------+-----+--------+

Top non-repeatable levels by time:
     D:5: 138 daAuts
     D:4: 29 daAuts
     D:6: 10 daAuts
